 Dungeon Crawl Stone Soup version 0.31-a0-920-g28cbb04a8c (webtiles) character file.

Game seed: 17492923390589519803

103 Dirtsage the Ruffian (level 4, -2/29 HPs)
             Began as an Octopode Shapeshifter on Oct 17, 2023.
             Killed from afar by Natasha (11 damage)
             ... with a puff of flame
             ... on level 2 of the Dungeon.
             The game lasted 00:02:30 (1372 turns).

Dirtsage the Ruffian (Octopode Shapeshifter)        Turns: 1372, Time: 00:02:30

Health: -2/29      AC:  1    Str: 15    XL:     4   Next: 79%
Magic:  4/4        EV: 13    Int: 12    God:
Gold:   44         SH:  0    Dex: 11    Spells: 3/3 levels left

rFire   . .          .
                       - Unarmed
rCold   . . .        (no shield)
rNeg    . . .        (helmet currently unavailable)
rPois   .            (no amulet)
rElec   .            S - ring of see invisible
rCorr   .            (no ring)
SInv    +            (no ring)
Will    .....        (no ring)
Stlth   ++           (no ring)
HPRegen 0.24/turn    (no ring)
MPRegen 0.09/turn    (no ring)
                     (no ring)

%: no passive effects
@: beast-form
A: beast (slay +2), almost no armour, amphibious, 8 rings, camouflage 1,
gelatinous body 1, (nimble swimmer 1), tentacles
a: Begin Untransformation


You were on level 2 of the Dungeon.
You were a hulking beast.
You visited 1 branch of the dungeon, and saw 2 of its levels.

You collected 44 gold pieces.

Inventory:

Jewellery
 S - a ring of see invisible (left tentacle)
Talismans
 b - a beast talisman (active)
 c - a flux talisman
Scrolls
 g - 2 scrolls of immolation {unknown}
 h - a scroll of revelation {unknown}
 j - a scroll of fog {unknown}
Potions
 a - a potion of lignification
 d - 2 potions of might {unknown}
 e - a potion of heal wounds {unknown}
 f - a potion of mutation {unknown}
 i - a potion of degeneration {unknown}


   Skills:
 + Level 2.1 Fighting
 - Level 2.0 Dodging
 * Level 4.1 Unarmed Combat
 * Level 3.9 Shapeshifting


You had 3 spell levels left.
You didn't know any spells.
Your spell library contained the following spells:

 Spells                   Type           Power      Damage    Failure   Level
 Chain Lightning          Conj/Air       0%         N/A       100%        9
 Fire Storm               Conj/Fire      0%         5d1       100%        9
 Shatter                  Erth           0%         3d5*      100%        9


Dungeon Overview and Level Annotations

Branches:
Dungeon (2/15)

Altars:

Shops:
D:2 (

Annotations:
D:2 Natasha


Innate Abilities, Weirdness & Mutations

You are a hulking beast.
Your limbs bulge with bestial killing power. (Slay +2)
You cannot wear most types of armour.
You are amphibious.
You can wear up to eight rings at the same time.
Your skin changes colour to match your surroundings (Stealth+).
Your rubbery body absorbs attacks. (AC +1, EV +1)
((You are camouflaged when in or above water. (Stealth+)))
You have tentacles for arms and can constrict up to eight enemies at once.


Message History

The adder bites you.
You take 4 damage, and have 24/29 hp.
You tentacle-slap the adder. You grab the adder. Your squeeze misses the adder.
The adder is severely wounded.
You constrict the adder. The adder barely misses you.
You barely miss the adder.
The adder is almost dead.
You constrict the adder.
You kill the adder!
No target in view!
Natasha, Servant of Life and Death comes into view.
She is carrying a wand of flame.
You regained 3 hp, and now have 27/29 hp.
Natasha is nearby!
A rat comes into view.
There is a stone staircase leading down here.
Natasha hisses angrily.
You tentacle-slap Natasha. Your grab misses Natasha.
Your squeeze misses Natasha.
Natasha is moderately wounded.
Natasha zaps a wand.
The puff of flame misses you.
You barely miss Natasha. You grab Natasha.
Natasha is moderately wounded.
You constrict Natasha. Natasha claws you!
You take 10 damage, and have 18/29 hp.
MASSIVE DAMAGE!!
You are too injured to fight recklessly!
You are too injured to fight recklessly!
You tentacle-slap Natasha but do no damage.
Natasha is moderately wounded.
You constrict Natasha, but do no damage.
Natasha zaps a wand.
The puff of flame hits you! The rat bites you.
* * * LOW HITPOINT WARNING * * *
You take 10 damage, and have 8/29 hp.
MASSIVE DAMAGE!!
You tentacle-slap Natasha.
Natasha is heavily wounded.
You constrict Natasha. Natasha closely misses you. The rat barely misses you.
You bludgeon the rat!
You kill the rat!
You constrict Natasha.
Natasha zaps a wand.
The puff of flame hits you!
You die...
Natasha begins licking her fur clean.

..... ....# ....# #
....#.# .. ##......[
..### #.......#
?....###h..##.... # ..
$.......h........##. ...
...........###.#.... .#.
........>..# # ... ..
...........###.#. #.## #.
#...#........)...#..###.
#.#.......####..........
#...###..#####...##.....
..................#....##
...##...........#...##.##


You could see Natasha.

Vanquished Creatures
  Natasha (twice) (D:2)
  2 adders (D:2)
  3 bats (D:1)
  2 giant cockroaches
  4 goblins
  3 hobgoblins (D:2)
  2 jackals (D:1)
  4 quokkas
  5 ball pythons (D:1)
  3 frilled lizards
  3 kobolds
  3 rats
36 creatures vanquished.

Notes
Turn   | Place    | Note
-------+----------+-------------------------------------------
     0 | D:1      | Dirtsage the Octopode Shapeshifter began the quest for the
                  | Orb.
     0 | D:1      | Reached XP level 1. HP: 13/13 MP: 1/1
    75 | D:1      | Found a faded altar of an unknown god.
   121 | D:1      | Reached XP level 2. HP: 6/18 MP: 2/2
   877 | D:2      | Found Luucw's Weapon Boutique.
   911 | D:2      | Noticed Natasha
   926 | D:1      | Reached XP level 3. HP: 3/23 MP: 3/3
  1111 | D:2      | Killed Natasha
  1268 | D:2      | Reached XP level 4. HP: 25/29 MP: 4/4
  1318 | D:2      | Noticed Natasha
  1325 | D:2      | Killed Natasha
  1326 | D:2      | Reached skill level 4 in Unarmed Combat
  1363 | D:2      | Noticed Natasha
  1372 | D:2      | Killed from afar by Natasha

Illustrated notes

Levels and vault maps discovered:
D:1:      eino_arrival_water_star, layout_basic,
          dreamdust_ecumenical_altar_statues, minmay_misc_feat_more_columns
D:2:      layout_rooms, serial_shops, nicolae_shop_waterfront, uniq_natasha,
          uniq_terence

Skill      XL: |  1  2  3  4 |
---------------+-------------+-----
Fighting       | 2 |  2.1
Unarmed Combat | 4 |  4.1
Dodging        | |  2.0
Shapeshifting  | |  3.9

Action                     |  1- 3 |  4- 6 || total
---------------------------+-------+-------++-------
  Melee: Unarmed           |    62 |    24 ||    86
         Constrict         |    16 |     6 ||    22
         Tentacles         |     7 |       ||     7
   Stab: Sleeping          |     3 |     1 ||     4
 Armour: Skin              |    33 |    11 ||    44
  Dodge: Dodged            |    41 |    10 ||    51

Table legend: (Time is in decaauts)
 A = Elapsed time spent in this place.
 B = Non-inter-level travel time spent in this place.
 C = Inter-level travel time spent in this place.
 D = Time resting spent in this place.
 E = Time spent auto-exploring this place.
 F = Levels seen in this place.
 G = Mean time per level.
                   A        B        C        D        E       F      G
               +--------+--------+--------+--------+--------+-----+--------+
         Total |   1368 |   1349 |     19 |    303 |    809 |   2 |  684.0 |
       Dungeon |   1368 |   1349 |     19 |    303 |    809 |   2 |  684.0 |
               +--------+--------+--------+--------+--------+-----+--------+

Top non-repeatable levels by time:
     D:1: 1133 daAuts
     D:2: 234 daAuts
